 Dungeon Crawl Stone Soup version 0.22-a0-815-gb582571 (webtiles) character file.

28 BaronVonScrub the Conjurer (level 2, -6/19 HPs)
             Began as a Mummy Conjurer on July 23, 2018.
             Mangled by a phantom (10 damage)
             ... on level 2 of the Dungeon.
             The game lasted 00:03:46 (1629 turns).

BaronVonScrub the Conjurer (Mummy Conjurer)         Turns: 1629, Time: 00:03:46

Health: -6/19      AC:  2    Str: 11    XL:     2   Next: 96%
Magic:  4/5        EV: 12    Int: 14    God:
Gold:   75         SH:  0    Dex: 12    Spells: 5/6 levels left

rFire    x . .     SeeInvis .   b - +0 whip
rCold    + . .     Gourm    .   (no shield)
rNeg     + + +     Faith    .   a - +0 robe
rPois    ∞         Spirit   .   (no helmet)
rElec    .         Reflect  .   (no cloak)
rCorr    .         Harm     .   (no gloves)
MR       .....                  (no boots)
Stlth    ++........             (no amulet)
HPRegen  0.06/turn              (no ring)
MPRegen  0.09/turn              (no ring)

@: no status effects
A: no food or potions, fire vulnerability, cold resistance 1, negative energy
resistance 3, torment resistance, unbreathing
a: no special abilities


You were on level 2 of the Dungeon.
You were not hungry.

You visited 1 branch of the dungeon, and saw 2 of its levels.

You collected 75 gold pieces.

Inventory:

Hand Weapons
 b - a +0 whip (weapon)
Armour
 a - a +0 robe (worn)
Scrolls
 c - a scroll of identify {unknown}


   Skills:
 + Level 0.1 Fighting
 - Level 1.5 Dodging
 - Level 1.5 Stealth
 + Level 2.8 Spellcasting
 + Level 4.0 Conjurations


You had 5 spell levels left.
You knew the following spells:

 Your Spells              Type           Power        Failure   Level  Hunger
a - Magic Dart            Conj           ##..         4%          1    N/A

Your spell library contained the following spells:

 Spells                   Type           Power        Failure   Level  Hunger
 Iskenderun's Mystic Bla  Conj           ##......     38%         4    N/A
 Fulminant Prism          Conj/Hex       #.........   67%         4    N/A
 Dazzling Spray           Conj/Hex       #.....       28%         3    N/A
 Force Lance              Conj/Tloc      #.......     67%         4    N/A
 Searing Ray              Conj           ##....       6%          2    N/A

Dungeon Overview and Level Annotations

Branches:
Dungeon (2/15)

Altars:


Innate Abilities, Weirdness & Mutations

You do not eat or drink.
Your flesh is vulnerable to fire.
You are immune to poison.
Your flesh is cold resistant. (rC+)
You are immune to negative energy. (rN+++)
You are immune to unholy pain and torment.
You can survive without breathing.


Message History

You climb upwards.
There is a stone staircase leading down here.
You start resting.
Your magical contamination has completely faded away.
You start resting.
Magic restored.
You start resting.
HP restored.
You climb downwards.
The phantom hits you.
There is a stone staircase leading up here.
Casting: Magic Dart (safe; 4% risk of failure)
Confirm with . or Enter, or press ? or * to list all spells.
Aiming: Magic Dart (safe; 4% risk of failure)
Press: ? - help, Shift-Dir - straight line, f - phantom
Aim: a phantom The magic dart hits the phantom.
The phantom hits you!
* * * LOW HITPOINT WARNING * * *
The phantom hits you!
Ouch! That really hurt!
You die...

... [. ..
##.##
##...##
.###.....##
..........##
#.....@...#
........W..+
...........#
#.#.......##
# ##.....##
##..<##
##+##


You could see a phantom.

Vanquished Creatures
  A dart slug (D:1)
  A leopard gecko (D:1)
  2 ball pythons (D:1)
  3 goblins (D:1)
  3 hobgoblins (D:1)
  4 bats (D:1)
  2 frilled lizards (D:1)
  3 kobolds (D:1)
  8 rats (D:1)
27 creatures vanquished.

Notes
Turn   | Place    | Note
-------+----------+-------------------------------------------
     0 | D:1      | BaronVonScrub the Mummy Conjurer began the quest for the Orb.
     0 | D:1      | Reached XP level 1. HP: 13/13 MP: 4/4
   162 | D:1      | Reached XP level 2. HP: 19/19 MP: 0/5
   527 | D:1      | Reached skill level 4 in Conjurations
   863 | D:2      | Noticed a phantom
  1629 | D:2      | Mangled by a phantom

Vault maps used:
D:1:      lightli_arrival_isolated_outpost

Skill      XL: |  1  2 |
---------------+-------+-----
Conjurations   | 4 |  4.0
Fighting       | |  0.1
Dodging        | |  1.5
Stealth        | |  1.5
Spellcasting   | |  2.8

Action                   || total
-------------------------++-------
Melee: Unarmed           ||    11
       Whip              ||    22
 Cast: Magic Dart        ||    59
Armor: Robe              ||     8
Dodge: Dodged            ||    24

Table legend:
 A = Spawn XP
 B = Non-spawn XP
 C = Spawn XP percentage of total XP
 D = Spawn monster count
 E = Non-spawn monster count
 F = Spawn count percentage of total count
 G = Total turns spent on level
                    A         B        C        D         E        F      G
               +---------+---------+-------+---------+---------+-------+---------
         Total |       0 |      40 |   0.0 |       0 |      27 |   0.0 |  1629
               +---------+---------+-------+---------+---------+-------+---------
           D:1 |       0 |      40 |   0.0 |       0 |      27 |   0.0 |  1613
               +---------+---------+-------+---------+---------+-------+---------
